 Dungeon Crawl Stone Soup version 0.27-a0-1139-g28e009f8a6 (webtiles) character file.

Game seed: 13790818187651691823

310 Morbidden the Magician (level 6, 0/43 HPs)
             Began as a Djinni Air Elementalist on May 7, 2021.
             Slain by a bullfrog (3 damage)
             ... in a sewer.
             The game lasted 00:05:45 (5475 turns).

Morbidden the Magician (Djinni Air Elementalist)    Turns: 5475, Time: 00:05:46

Health: 0/43       AC:  5    Str:  9    XL:     6   Next: 41%
Gold:   97         EV: 12    Int: 17    God:
                   SH:  0    Dex: 13

rFire    + + .     SeeInvis .   b - +2 dagger (venom)
rCold    x . .     Faith    .   (no shield)
rNeg     . . .     Spirit   .   q - +2 animal skin
rPois    ∞         Reflect  .   i - +0 helmet
rElec    .         Harm     .   (no cloak)
rCorr    .         Rampage  .   (no gloves)
Will     .....                  (boots unavailable)
Stlth    ++........             (no amulet)
HPRegen  0.14/turn              (no ring)
MPRegen  0.00/turn              (no ring)

@: flying
A: sickness immunity, fire resistance 2, cold vulnerability 1, float, innate
caster, hp casting, extra vitality 1
a: no special abilities


You were in a sewer.
You visited 1 branch of the dungeon, and saw 4 of its levels.
You also visited: Sewer.

You collected 97 gold pieces.

Inventory:

Hand Weapons
 b - a +2 dagger of venom (weapon)
Armour
 d - a +0 ring mail
 i - a +0 helmet (worn)
 q - a +2 animal skin (worn)
Scrolls
 a - a scroll of vulnerability {unknown}
 e - 2 scrolls of fear {unknown}
 f - 5 scrolls of teleportation
 m - a scroll of brand weapon {unknown}
 n - a scroll of enchant armour {unknown}
 o - a scroll of amnesia {unknown}
 r - a scroll of identify {unknown}
 t - a scroll of magic mapping
 u - 2 scrolls of fog {unknown}
Potions
 c - 3 potions of brilliance {unknown}
 g - 2 potions of attraction {unknown}
 h - a potion of mutation {unknown}
 j - a potion of invisibility {unknown}
 k - 4 potions of curing {unknown}
 l - a potion of heal wounds {unknown}
 p - a potion of lignification {unknown}
 s - a potion of ambrosia {unknown}
 v - a potion of might {unknown}


   Skills:
 * Level 1.9 Fighting
 + Level 1.0 Short Blades
 * Level 1.4 Armour
 * Level 3.0 Dodging
 + Level 1.9 Stealth
 * Level 4.8 Spellcasting


You couldn't memorise any spells.
You knew the following spells:

 Your Spells              Type           Power      Damage    Failure   Level
a - Shock                 Conj/Air       80%        1d8       1%          1
b - Static Discharge      Conj/Air       20%        N/A       3%          2
c - Swiftness             Air            20%        N/A       6%          3
d - Airstrike             Air            10%        N/A       21%         4
e - Lightning Bolt        Conj/Air       10%        1d23      50%         5
f - Corona                Hex            22%        N/A       1%          1
z - Searing Ray           Conj           40%        3d4       3%          2
Your spell library was empty.

Dungeon Overview and Level Annotations

Branches:
Dungeon (4/15)              Sewer (1/1)
 Temple: D:4-7

Altars:
Elyvilon

Annotations:
D:3 2 transporters, Grinder; stripedtigrrr's ghost, amateur OpSu


Innate Abilities, Weirdness & Mutations

You are immune to sickness and miasma.
You are immune to poison.
Your flesh is very heat resistant. (rF++)
You are vulnerable to cold. (rC-)
You float through the air rather than walking.
You learn spells naturally, not from books.
Your magical power is your life essence.
You have superior vitality. (+4 HP)


Message History

You kill the ball python!
The bullfrog is struck by an arc of lightning.
The bullfrog is heavily wounded.
The lightning grounds out.
The bullfrog is struck by an arc of lightning.
The bullfrog is moderately wounded.
The adder is struck by an arc of lightning.
The adder is severely wounded.
You are struck by an arc of lightning.
The lightning grounds out.
The bullfrog hits you. x2; The adder closely misses you.
The ball python closely misses you. x2; The bullfrog misses you.
The bullfrog closely misses you. The bullfrog hits you!
* * * LOW HITPOINT WARNING * * *
The adder bites you but does no damage. The bullfrog barely misses you.
The ball python bites you but does no damage.
The ball python barely misses you.
Unknown command.
Unknown command.
Unknown command.
Unknown command.
Okay, then.
Okay, then.
Casting: Static Discharge (safe; 3% risk of failure)
Confirm with . or Enter, or press ? or * to list all spells.
The bullfrog is struck by an arc of lightning.
The bullfrog is moderately wounded.
The bullfrog is struck by an arc of lightning!
The bullfrog is almost dead.
The bullfrog is struck by an arc of lightning!
The bullfrog is severely wounded.
The lightning grounds out.
The ball python is struck by an arc of lightning!
You kill the ball python!
The adder is struck by an arc of lightning.
You kill the adder!
The lightning grounds out.
* * * LOW HITPOINT WARNING * * *
The bullfrog barely misses you. x2; The bullfrog hits you.
You die...

####################
###..≈≈≈≈≈≈≈≈≈≈≈≈≈≈≈..
##....≈≈≈≈≈≈≈..≈#≈≈≈≈..
#.....≈≈≈≈≈≈#≈≈#≈≈≈≈≈..
#....≈≈≈≈≈≈≈≈≈≈F≈J≈≈#≈.
##.....≈≈≈≈≈≈≈≈@F†≈≈≈≈..
#†.....≈≈≈≈≈≈≈≈≈≈≈≈≈≈≈..
#....###################
##...#### #....#..#
#....'..# #...#####
##...##
#....####################


You could see 2 bullfrogs and an endoplasm.

Vanquished Creatures
  An iguana (D:3)
  Robin (D:3)
  7 adders
  8 river rats (Sewer)
  2 worms (D:2)
  4 dart slugs
  2 orcs
  12 ball pythons
  2 endoplasms (D:1)
  8 giant cockroaches
  13 goblins
  8 hobgoblins
  7 jackals
  12 quokkas
  10 bats
  6 frilled lizards
  8 kobolds
  26 rats
137 creatures vanquished.

Vanquished Creatures (others)
  A quokka (D:3)
  A frilled lizard (D:3)
  3 fungi (D:3)
  5 plants (D:3)
10 creatures vanquished.

Grand Total: 147 creatures vanquished

Notes
Turn   | Place    | Note
-------+----------+-------------------------------------------
     0 | D:1      | Morbidden the Djinni Air Elementalist began the quest for
                  | the Orb.
     0 | D:1      | Reached XP level 1. HP: 15/15 MP: 0/0
   225 | D:1      | Reached skill level 3 in Spellcasting
   227 | D:1      | Reached XP level 2. HP: 17/21 MP: 0/0
   627 | D:1      | Reached XP level 3. HP: 8/26 MP: 0/0
   627 | D:1      | Learned a level 1 spell: Corona
   898 | D:1      | Reached skill level 1 in Fighting
  2037 | D:2      | Reached XP level 4. HP: 30/32 MP: 0/0
  3075 | D:3      | Found a white marble altar of Elyvilon.
  3081 | D:3      | Noticed Robin
  3399 | D:3      | Found a faded altar of an unknown god.
  3414 | D:3      | Noticed stripedtigrrr's ghost (amateur OpSu)
  3425 | D:3      | Reached skill level 4 in Spellcasting
  3467 | D:3      | Killed Robin
  3468 | D:3      | Reached XP level 5. HP: 28/37 MP: 0/0
  3468 | D:3      | Learned a level 2 spell: Searing Ray
  4069 | D:3      | Found a transporter.
  4077 | D:3      | Found a transporter.
  4342 | D:3      | Noticed Grinder
  4343 | D:3      | Paralysed by Grinder for 3 turns
  4416 | D:4      | Found a glowing drain.
  4507 | Sewer    | Entered a sewer
  4642 | Sewer    | Reached skill level 1 in Armour
  5030 | Sewer    | Reached XP level 6. HP: 41/43 MP: 0/0
  5468 | Sewer    | Reached skill level 1 in Short Blades
  5475 | Sewer    | Slain by a bullfrog

Illustrated notes

Levels and vault maps discovered:
D:1:      psy_arrival_dodecagon, layout_basic, patterned_corridor
D:2:      minmay_evil_eye, layout_loops_ring, amethyst_killhole,
          minmay_small_reverse_x
D:3:      layout_basic, elyvilon_altar_4,
          shapermc_ecumenical_altar_mp_ritualfount, gammafunk_ghost_arena,
          chequers_serial_rivers_micro_a, kennysheep_generic_room_8, uniq_robin,
          uniq_grinder
D:4:      layout_rooms, zin_angel, nicolae_overflow_hidden_temple, serial_glass,
          glass_columns_a, glass_columns_b, glass_columns_c, glass_columns_c,
          glass_columns_a, glass_columns_b, glass_columns_b, glass_columns_c,
          glass_columns_a, glass_columns_a, glass_columns_b, glass_columns_a,
          glass_columns_a, glass_columns_a, due_unseen_surprise,
          feat_on_display, minmay_strange_pillars, serial_shops, shop,
          gup_sewer_entry_pipe
Sewer:    sewer_minmay_w

Skill      XL: |  1  2  3  4  5  6 |
---------------+-------------------+-----
Spellcasting   | 3 4 |  4.8
Fighting       | 1 |  1.9
Armour         | 1 |  1.4
Dodging        | 3 |  3.0
Short Blades   | 1 |  1.0
Stealth        | |  1.9

Action                   |  1- 3 |  4- 6 || total
-------------------------+-------+-------++-------
Melee: Dagger            |     2 |    37 ||    39
 Cast: Shock             |    97 |   163 ||   260
       Swiftness         |       |     3 ||     3
       Static Discharge  |       |     5 ||     5
       Searing Ray       |       |     2 ||     2
  Use: Scroll            |       |     3 ||     3
 Stab: Distracted        |       |     1 ||     1
Armor: Robe              |     6 |     2 ||     8
       Animal skin       |       |    14 ||    14
Dodge: Dodged            |    18 |    53 ||    71

Table legend: (Time is in decaauts)
 A = Elapsed time spent in this place.
 B = Non-inter-level travel time spent in this place.
 C = Inter-level travel time spent in this place.
 D = Time resting spent in this place.
 E = Time spent auto-exploring this place.
 F = Levels seen in this place.
 G = Mean time per level.
                   A        B        C        D        E       F      G
               +--------+--------+--------+--------+--------+-----+--------+
         Total |   5474 |   5385 |     89 |    632 |   4106 |   5 | 1094.8 |
       Dungeon |   4506 |   4417 |     89 |    632 |   3256 |   4 | 1126.5 |
         Sewer |    967 |    967 |      0 |      0 |    850 |   1 |  967.0 |
               +--------+--------+--------+--------+--------+-----+--------+

Top non-repeatable levels by time:
     D:1: 1892 daAuts
     D:2: 1465 daAuts
     D:3: 995 daAuts
   Sewer: 967 daAuts
     D:4: 153 daAuts
